% Time on Ice - SACRAMENTO BANDITS
Lines # - Real PCT - Wanted PCT - Time Play
Normal Forward
1 - 33% - 36% - 17:18
2 - 30% - 31% - 15:38
3 - 31% - 23% - 15:58
4 - 6% - 10% - 3:10
Normal Defense
1 - 32% - 36% - 16:37
2 - 33% - 31% - 17:20
3 - 30% - 23% - 15:31
4 - 5% - 10% - 2:36
PP Forward
1 - 47% - 55% - 1:53
2 - 53% - 45% - 2:05
PP Defense
1 - 51% - 55% - 2:02
2 - 49% - 45% - 1:56
PK Forward
1 - 61% - 55% - 2:25
2 - 39% - 45% - 1:33
PK Defense
1 - 52% - 55% - 2:04
2 - 48% - 45% - 1:54
PK3 Forward
1 - 0% - 55%
2 - 0% - 45%
PK3 Defense
1 - 0% - 55%
2 - 0% - 45%
44 Forward
1 - 0% - 55%
2 - 0% - 45%
44 Defense
1 - 0% - 55%
2 - 0% - 45%
Last Minute Offensive  - 0:00
Last Minute Defensive  - 0:00
Total
Forward - 60:00
Defense - 60:00
% Time on Ice - SAN JOSE BRONCOS
Lines # - Real PCT - Wanted PCT - Time Play
Normal Forward
1 - 23% - 25% - 12:11
2 - 24% - 25% - 12:38
3 - 25% - 25% - 13:14
4 - 27% - 25% - 14:01
Normal Defense
1 - 29% - 30% - 14:55
2 - 30% - 30% - 15:39
3 - 33% - 30% - 16:57
4 - 9% - 10% - 4:33
PP Forward
1 - 50% - 50% - 1:59
2 - 50% - 50% - 1:59
PP Defense
1 - 32% - 50% - 1:16
2 - 68% - 50% - 2:42
PK Forward
1 - 48% - 50% - 1:55
2 - 52% - 50% - 2:03
PK Defense
1 - 49% - 50% - 1:57
2 - 51% - 50% - 2:01
PK3 Forward
1 - 0% - 50%
2 - 0% - 50%
PK3 Defense
1 - 0% - 50%
2 - 0% - 50%
44 Forward
1 - 0% - 50%
2 - 0% - 50%
44 Defense
1 - 0% - 50%
2 - 0% - 50%
Last Minute Offensive  - 0:00
Last Minute Defensive  - 0:00
Total
Forward - 60:00
Defense - 60:00
Play-by-Play 1st period 0:01 of 1st period - Blake Wheeler wins face-off versus Clayton Keller in neutral zone. 0:22 of 1st period - Shot by Jesper Bratt. 0:22 of 1st period - Stopped by Louis Domingue without a rebound. 0:23 of 1st period - Alexander Kerfoot wins face-off versus Mark Scheifele in SACRAMENTO BANDITS zone. 0:28 of 1st period - Shot by Cole Caufield. 0:28 of 1st period - Stopped by Louis Domingue with a rebound. 0:38 of 1st period - Shot by Cole Caufield. 0:38 of 1st period - Shot Misses the Net. 0:45 of 1st period - Mark Scheifele is hit by Adam Pelech. 1:18 of 1st period - Mark Scheifele is hit by Carl Grundstrom and loses puck. 1:34 of 1st period - Shot by Tomas Nosek. 1:34 of 1st period - Shot Misses the Net. 1:36 of 1st period - Shot by Brayden Point. 1:36 of 1st period - Shot Misses the Net. 1:45 of 1st period - Brayden Point is hit by Brendan Smith and loses puck. 2:51 of 1st period - Clayton Keller is hit by Dante Fabbro and loses puck. 2:54 of 1st period - Shot by Oliver Bjorkstrand. 2:54 of 1st period - Stopped by Louis Domingue without a rebound. 2:55 of 1st period - Clayton Keller wins face-off versus Patrick Kane in SACRAMENTO BANDITS zone. 4:03 of 1st period - Mark Scheifele is hit by Damon Severson and loses puck. 4:10 of 1st period - Shot by Christian Fischer. 4:10 of 1st period - Stopped by John Gibson without a rebound. 4:11 of 1st period - Adam Gaudette wins face-off versus Tomas Nosek in SAN JOSE BRONCOS zone. 4:16 of 1st period - Shot by Dominik Kubalik. 4:16 of 1st period - Deflect By Blake Wheeler. 4:16 of 1st period - Shot Misses the Net. 4:40 of 1st period - Blake Wheeler is hit by Tomas Nosek and loses puck. 5:13 of 1st period - Shot by Brett Leason. 5:13 of 1st period - Shot Blocked by Marc-Edouard Vlasic. 5:15 of 1st period - Shot by Neal Pionk. 5:15 of 1st period - Shot Blocked by Ryan McDonagh. 5:17 of 1st period - Shot by Jaccob Slavin. 5:17 of 1st period - Stopped by Louis Domingue without a rebound. 5:18 of 1st period - Mark Scheifele wins face-off versus Alexander Kerfoot in SACRAMENTO BANDITS zone. 5:30 of 1st period - Marcus Johansson is hit by Neal Pionk and loses puck. 5:39 of 1st period - Shot by Mark Scheifele. 5:39 of 1st period - Shot Misses the Net. 5:52 of 1st period - Minor Penalty to Jaccob Slavin for Hooking. 5:53 of 1st period - Clayton Keller wins face-off versus Blake Wheeler in SAN JOSE BRONCOS zone. 6:12 of 1st period - Shot by Patrick Kane. 6:12 of 1st period - Stopped by John Gibson without a rebound. 6:13 of 1st period - Christian Fischer wins face-off versus Oliver Bjorkstrand in SAN JOSE BRONCOS zone. 6:14 of 1st period - Shot by Mark Scheifele. 6:14 of 1st period - Shot Misses the Net. 6:16 of 1st period - Shot by Ryan McDonagh. 6:16 of 1st period - Stopped by John Gibson without a rebound. 6:17 of 1st period - Mark Scheifele wins face-off versus Oliver Bjorkstrand in SAN JOSE BRONCOS zone. 6:33 of 1st period - Icing by Marcus Johansson. 6:34 of 1st period - Mark Scheifele wins face-off versus Oliver Bjorkstrand in SACRAMENTO BANDITS zone. 6:39 of 1st period - Shot by Ryan McDonagh. 6:39 of 1st period - Stopped by John Gibson without a rebound. 6:40 of 1st period - Blake Wheeler wins face-off versus Cole Caufield in SAN JOSE BRONCOS zone. 7:14 of 1st period - Shot by Patrick Kane. 7:14 of 1st period - Stopped by John Gibson without a rebound. 7:15 of 1st period - Mark Scheifele wins face-off versus Clayton Keller in SAN JOSE BRONCOS zone. 7:20 of 1st period - Shot by Marcus Johansson. 7:20 of 1st period - Shot Misses the Net. 7:27 of 1st period - Icing by Christian Fischer. 7:28 of 1st period - Mark Scheifele wins face-off versus Oliver Bjorkstrand in SACRAMENTO BANDITS zone. 8:51 of 1st period - Shot by Cole Caufield. 8:51 of 1st period - Shot Hit the Post. 9:11 of 1st period - Shot by Jonathan Huberdeau. 9:11 of 1st period - Shot Misses the Net. 9:23 of 1st period - Shot by Eetu Luostarinen. 9:23 of 1st period - Shot Misses the Net. 9:25 of 1st period - Shot by Janis Moser. 9:25 of 1st period - Deflect By Jonathan Huberdeau. 9:25 of 1st period - Shot Misses the Net. 10:12 of 1st period - Shot by Brayden Point. 10:12 of 1st period - Stopped by Louis Domingue without a rebound. 10:13 of 1st period - Blake Wheeler wins face-off versus Clayton Keller in SACRAMENTO BANDITS zone. 10:38 of 1st period - Shot by Patrick Kane. 10:38 of 1st period - Shot Blocked by Jaccob Slavin. 11:26 of 1st period - Shot by Eetu Luostarinen. 11:26 of 1st period - Stopped by John Gibson with a rebound. 11:28 of 1st period - Shot by Eetu Luostarinen. 11:28 of 1st period - Shot Misses the Net. 12:02 of 1st period - Shot by Mark Scheifele. 12:02 of 1st period - Shot Misses the Net. 12:08 of 1st period - Shot by Christian Fischer. 12:08 of 1st period - Shot Misses the Net. 12:10 of 1st period - Shot by Marcus Johansson. 12:10 of 1st period - Shot Blocked by Neal Pionk. 12:12 of 1st period - Shot by Christian Fischer. 12:12 of 1st period - Stopped by John Gibson without a rebound. 12:13 of 1st period - Ilya Usau wins face-off versus Blake Wheeler in SAN JOSE BRONCOS zone. 12:13 of 1st period - Ilya Usau is hit by David Perron. 12:16 of 1st period - Minor Penalty to David Perron for Holding. 12:17 of 1st period - Blake Wheeler wins face-off versus Alexander Kerfoot in SACRAMENTO BANDITS zone. 12:35 of 1st period - Icing by Cole Caufield. 12:36 of 1st period - Mark Scheifele wins face-off versus Alexander Kerfoot in SAN JOSE BRONCOS zone. 12:52 of 1st period - Shot by Cole Caufield. 12:52 of 1st period - Shot Misses the Net. 12:54 of 1st period - Shot by Damon Severson. 12:54 of 1st period - Stopped by Louis Domingue without a rebound. 12:55 of 1st period - Alexander Kerfoot wins face-off versus Patrick Kane in SACRAMENTO BANDITS zone. 13:04 of 1st period - Shot by Adam Pelech. 13:04 of 1st period - Stopped by Louis Domingue with a rebound. 13:16 of 1st period - Shot by Adam Pelech. 13:16 of 1st period - Stopped by Louis Domingue without a rebound. 13:17 of 1st period - Blake Wheeler wins face-off versus Clayton Keller in SACRAMENTO BANDITS zone. 13:37 of 1st period - Icing by Damon Severson. 13:38 of 1st period - Blake Wheeler wins face-off versus Clayton Keller in SAN JOSE BRONCOS zone. 14:42 of 1st period - Icing by Ryan McDonagh. 14:43 of 1st period - Tomas Nosek wins face-off versus Eetu Luostarinen in SACRAMENTO BANDITS zone. 15:44 of 1st period - Shot by Patrick Kane. 15:44 of 1st period - Shot Misses the Net. 15:59 of 1st period - Icing by Janis Moser. 16:00 of 1st period - Jonathan Gruden wins face-off versus Blake Wheeler in SACRAMENTO BANDITS zone. 16:03 of 1st period - Shot by Adam Pelech. 16:03 of 1st period - Stopped by Louis Domingue with a rebound. 16:37 of 1st period - Off-side. 16:38 of 1st period - Mark Scheifele wins face-off versus Alexander Kerfoot in neutral zone. 17:08 of 1st period - Shot by Christian Fischer. 17:08 of 1st period - Stopped by John Gibson without a rebound. 17:09 of 1st period - Adam Gaudette wins face-off versus Tomas Nosek in SAN JOSE BRONCOS zone. 17:12 of 1st period - Shot by Dominik Kubalik. 17:12 of 1st period - Deflect By Blake Wheeler. 17:12 of 1st period - Stopped by John Gibson without a rebound. 17:13 of 1st period - Blake Wheeler wins face-off versus Tomas Nosek in SAN JOSE BRONCOS zone. 17:30 of 1st period - Shot by Patrick Kane. 17:30 of 1st period - Deflect By David Perron. 17:30 of 1st period - Shot Misses the Net. 17:32 of 1st period - Shot by Blake Wheeler. 17:32 of 1st period - Goal by Blake Wheeler - SACRAMENTO BANDITS : 1 - SAN JOSE BRONCOS : 0. 17:33 of 1st period - Ilya Usau wins face-off versus Marcus Johansson in neutral zone. 17:36 of 1st period - Shot by Jake Walman. 17:36 of 1st period - Stopped by Louis Domingue without a rebound. 17:37 of 1st period - Mark Scheifele wins face-off versus Ilya Usau in SACRAMENTO BANDITS zone. 17:52 of 1st period - Shot by Mark Scheifele. 17:52 of 1st period - Shot Misses the Net. 17:54 of 1st period - Shot by Ryan McDonagh. 17:54 of 1st period - Shot Blocked by Jake Walman. 18:57 of 1st period - Brayden Point is hit by Brendan Smith and loses puck. 19:53 of 1st period - Shot by Jesse Puljujarvi. 19:53 of 1st period - Shot Misses the Net. 19:55 of 1st period - Shot by Alexander Kerfoot. 19:55 of 1st period - Deflect By Cole Caufield. 19:55 of 1st period - Shot Misses the Net. 19:57 of 1st period - Shot by Jaccob Slavin. 19:57 of 1st period - Shot Misses the Net. 19:59 of 1st period - Shot by Jaccob Slavin. 19:59 of 1st period - Shot Misses the Net. Goals for this period are 1 for SACRAMENTO BANDITS vs 0 for SAN JOSE BRONCOS. Shots for this period are 10 for SACRAMENTO BANDITS vs 10 for SAN JOSE BRONCOS. 2nd period 0:01 of 2nd period - Blake Wheeler wins face-off versus Clayton Keller in neutral zone. 0:35 of 2nd period - Shot by Jesper Bratt. 0:35 of 2nd period - Stopped by Louis Domingue without a rebound. 0:36 of 2nd period - Mark Scheifele wins face-off versus Alexander Kerfoot in SACRAMENTO BANDITS zone. 0:43 of 2nd period - Damon Severson is hit by Christian Fischer. 1:12 of 2nd period - Minor Penalty to Christian Fischer for Hooking. 1:13 of 2nd period - Blake Wheeler wins face-off versus Clayton Keller in SACRAMENTO BANDITS zone. 1:50 of 2nd period - Shot by Jesper Bratt. 1:50 of 2nd period - Deflect By Clayton Keller. 1:50 of 2nd period - Shot Misses the Net. 1:52 of 2nd period - Shot by Jaccob Slavin. 1:52 of 2nd period - Stopped by Louis Domingue with a rebound. 2:00 of 2nd period - Shot by Clayton Keller. 2:00 of 2nd period - Shot Blocked by Marc-Edouard Vlasic. 2:39 of 2nd period - Shot by Cole Caufield. 2:39 of 2nd period - Stopped by Louis Domingue without a rebound. 2:40 of 2nd period - Blake Wheeler wins face-off versus Clayton Keller in SACRAMENTO BANDITS zone. 2:55 of 2nd period - Shot by Clayton Keller. 2:55 of 2nd period - Stopped by Louis Domingue without a rebound. 2:56 of 2nd period - Patrick Kane wins face-off versus Alexander Kerfoot in SACRAMENTO BANDITS zone. 4:29 of 2nd period - Shot by Brayden Point. 4:29 of 2nd period - Shot Misses the Net. 5:18 of 2nd period - Shot by Clayton Keller. 5:18 of 2nd period - Deflect By Jesper Bratt. 5:18 of 2nd period - Stopped by Louis Domingue with a rebound. 5:30 of 2nd period - Shot by David Perron. 5:30 of 2nd period - Deflect By Patrick Kane. 5:30 of 2nd period - Shot Misses the Net. 5:41 of 2nd period - Icing by Ryan McDonagh. 5:42 of 2nd period - Blake Wheeler wins face-off versus Alexander Kerfoot in SACRAMENTO BANDITS zone. 5:52 of 2nd period - Icing by Alexander Kerfoot. 5:53 of 2nd period - Alexander Kerfoot wins face-off versus Mark Scheifele in SAN JOSE BRONCOS zone. 5:53 of 2nd period - Alexander Kerfoot is hit by Christian Fischer. 5:59 of 2nd period - Shot by Alexander Kerfoot. 5:59 of 2nd period - Stopped by Louis Domingue without a rebound. 6:00 of 2nd period - Ilya Usau wins face-off versus Christian Fischer in SACRAMENTO BANDITS zone. 6:11 of 2nd period - Shot by Mark Scheifele. 6:11 of 2nd period - Shot Misses the Net. 6:13 of 2nd period - Shot by Marcus Johansson. 6:13 of 2nd period - Shot Hit the Post. 6:16 of 2nd period - Marcus Johansson is hit by Jaccob Slavin. 6:26 of 2nd period - Shot by Marcus Johansson. 6:26 of 2nd period - Shot Blocked by Jaccob Slavin. 6:28 of 2nd period - Shot by Christian Fischer. 6:28 of 2nd period - Shot Hit the Post. 6:43 of 2nd period - Mark Scheifele is hit by Jaccob Slavin. 7:19 of 2nd period - Shot by Patrick Kane. 7:19 of 2nd period - Shot Misses the Net. 7:21 of 2nd period - Shot by Ryan McDonagh. 7:21 of 2nd period - Stopped by John Gibson without a rebound. 7:22 of 2nd period - Tomas Nosek wins face-off versus Adam Gaudette in SAN JOSE BRONCOS zone. 7:22 of 2nd period - Tomas Nosek is hit by Adam Gaudette. 7:42 of 2nd period - Shot by Blake Wheeler. 7:42 of 2nd period - Shot Misses the Net. 7:46 of 2nd period - Shot by Blake Wheeler. 7:46 of 2nd period - Stopped by John Gibson without a rebound. 7:47 of 2nd period - Mark Scheifele wins face-off versus Alexander Kerfoot in SAN JOSE BRONCOS zone. 8:04 of 2nd period - Shot by Marcus Johansson. 8:04 of 2nd period - Shot Misses the Net. 8:16 of 2nd period - Shot by Mark Scheifele. 8:16 of 2nd period - Stopped by John Gibson without a rebound. 8:17 of 2nd period - Eetu Luostarinen wins face-off versus Oliver Bjorkstrand in SAN JOSE BRONCOS zone. 8:20 of 2nd period - Shot by Jonathan Huberdeau. 8:20 of 2nd period - Shot Misses the Net. 8:41 of 2nd period - Jonathan Huberdeau is hit by Jake Walman and loses puck. 8:49 of 2nd period - Jonathan Huberdeau is hit by Jake Bean and loses puck. 9:19 of 2nd period - Shot by Blake Wheeler. 9:19 of 2nd period - Shot Misses the Net. 9:21 of 2nd period - Shot by Blake Wheeler. 9:21 of 2nd period - Stopped by John Gibson without a rebound. 9:22 of 2nd period - Mark Scheifele wins face-off versus Tomas Nosek in SAN JOSE BRONCOS zone. 9:22 of 2nd period - Mark Scheifele is hit by Adam Pelech. 9:27 of 2nd period - Icing by Damon Severson. 9:28 of 2nd period - Blake Wheeler wins face-off versus Tomas Nosek in SAN JOSE BRONCOS zone. 9:29 of 2nd period - Shot by Patrick Kane. 9:29 of 2nd period - Deflect By Blake Wheeler. 9:29 of 2nd period - Stopped by John Gibson without a rebound. 9:30 of 2nd period - Blake Wheeler wins face-off versus Alexander Kerfoot in SAN JOSE BRONCOS zone. 9:35 of 2nd period - Shot by Blake Wheeler. 9:35 of 2nd period - Stopped by John Gibson without a rebound. 9:36 of 2nd period - Blake Wheeler wins face-off versus Tomas Nosek in SAN JOSE BRONCOS zone. 9:38 of 2nd period - David Perron is hit by Adam Pelech and loses puck. 10:46 of 2nd period - Icing by Marcus Johansson. 10:47 of 2nd period - Mark Scheifele wins face-off versus Alexander Kerfoot in SACRAMENTO BANDITS zone. 12:09 of 2nd period - Shot by Alex Chiasson. 12:09 of 2nd period - Stopped by John Gibson with a rebound. 12:25 of 2nd period - Shot by Patrick Kane. 12:25 of 2nd period - Stopped by John Gibson without a rebound. 12:26 of 2nd period - Dominik Kubalik wins face-off versus Brett Leason in SAN JOSE BRONCOS zone. 12:39 of 2nd period - Shot by Blake Wheeler